 Dungeon Crawl Stone Soup version 0.30.0-30-g96aa6591b8 (webtiles) character file.

Game seed: 14895458297648758619

34 Bnni the Grasshopper (level 3, 0/28 HPs)
             Began as a Barachi Warper on June 30, 2023.
             Succumbed to an adder's poison
             ... on level 1 of the Dungeon.
             The game lasted 00:01:38 (1231 turns).

Bnni the Grasshopper (Barachi Warper)               Turns: 1231, Time: 00:01:38

Health: 0/28       AC:  3    Str: 14    XL:     3   Next: 31%
Magic:  6/6        EV: 11    Int: 13    God:
Gold:   37         SH:  0    Dex: 11    Spells: 5/7 levels left

rFire   . . .        a - +0 mace
rCold   . . .        (no shield)
rNeg    . . .        b - +0 leather armour
rPois   .            (no helmet)
rElec   .            (no cloak)
rCorr   .            (no gloves)
SInv    .            (no boots)
Will    .....        (no amulet)
Stlth   +            (no ring)
HPRegen 0.24/turn    (no ring)
MPRegen 0.10/turn

%: no passive effects
@: mighty, lethally poisoned (0 -> -3), slow
A: amphibious, slowness 1, strong legs 1, +LOS
a: Hop


You were on level 1 of the Dungeon.
You visited 1 branch of the dungeon, and saw 2 of its levels.

You collected 37 gold pieces.

Inventory:

Hand Weapons
 a - a +0 mace (weapon)
Missiles
 d - 7 boomerangs of dispersal (quivered)
Armour
 b - a +0 leather armour (worn)
 h - a +0 ring mail
Scrolls
 c - a scroll of blinking
 f - a scroll of magic mapping {unknown}
 g - 2 scrolls of identify {unknown}
 j - 2 scrolls of fog {unknown}
Potions
 i - a potion of curing {unknown}
 k - a potion of flight {unknown}


   Skills:
 + Level 2.9 Fighting
 * Level 3.1 Maces & Flails
 - Level 1.0 Throwing
 - Level 1.2 Armour
 - Level 2.1 Dodging
 + Level 2.5 Spellcasting
 + Level 3.6 Translocations


You had 5 spell levels left.
You knew the following spells:

 Your Spells              Type           Power      Damage    Failure   Level
a - Blink                 Tloc           22%        N/A       11%         2

Your spell library contained the following spells:

 Spells                   Type           Power      Damage    Failure   Level
 Apportation              Tloc           22%        N/A       7%          1
 Lesser Beckoning         Tloc           22%        N/A       11%         2
 Teleport Other           Tloc           11%        N/A       21%         3
 Necrotise                Necr           4%         1d4       30%         1
 Summon Small Mammal      Summ           4%         N/A       30%         1
 Vhi's Electric Charge    Tloc/Air       12%        N/A       38%         3
 Manifold Assault         Tloc           11%        N/A       56%         4
 Ignite Poison            Fire/Tmut/Pois 1%         N/A       65%         3
 Sticky Flame             Conj/Fire      1%         2d3       96%         4
 Storm Form               Tmut/Air       0%         N/A       100%        7
 Ignition                 Fire           0%         3d3       100%        8


Dungeon Overview and Level Annotations

Branches:
Dungeon (2/15)

Altars:

Annotations:
D:2 Jessica, Sigmund


Innate Abilities, Weirdness & Mutations

You are amphibious.
You cover ground slowly.
You can hop short distances.
You have an extended range of vision and can be seen from far away.


Message History

Unknown command.
You miss the adder. The adder bites you.
You are poisoned.
The adder poisons you! The adder bites you.
You are more poisoned.
The adder poisons you!
You thump the adder!
The adder is almost dead.
You feel very sick. The adder bites you but does no damage.
You miss the adder.
The adder is almost dead.
You feel sick. The adder closely misses you. The adder bites you.
You are more poisoned.
The adder poisons you!
You hit the adder.
The adder is almost dead.
You feel very sick. The adder bites you.
You are too injured to fight recklessly!
You miss the adder.
The adder is almost dead.
* * * LOW HITPOINT WARNING * * *
You feel very sick. The adder barely misses you.
The adder bites you but does no damage.
You closely miss the adder.
The adder is almost dead.
* * * LOW HITPOINT WARNING * * *
You feel sick. The adder completely misses you.
Unknown command.
You miss the adder.
The adder is almost dead.
* * * LOW HITPOINT WARNING * * *
You feel sick. The adder bites you.
* * * LOW HITPOINT WARNING * * *
The adder closely misses you.
Unknown command.
It was a potion of might.
You feel very mighty all of a sudden.
You die...

#.#
#.#..#.#..............#
# #.#
#.#.##.......##.......#
# #.#
#.#..........##.......#
# #.#
#.####.......##.......#
# ##.#####.#
#.......##.......# #
#........#
#.......#############
##########
#.###...............)
#.###################
##...@S.##....# #.
#.............# #.
#.............# #.
#......(......# #.
#..........^..# #.
#.............#######'
#..........)..#.......
#.............'.......
#.............#.......


You could see an adder.

Vanquished Creatures
  A dart slug (D:1)
  2 ball pythons (D:1)
  2 endoplasms (D:1)
  2 giant cockroaches (D:1)
  3 goblins (D:1)
  3 hobgoblins (D:1)
  2 quokkas (D:1)
  3 bats (D:1)
  2 frilled lizards (D:1)
  5 kobolds (D:1)
  3 rats (D:1)
28 creatures vanquished.

Notes
Turn   | Place    | Note
-------+----------+-------------------------------------------
     0 | D:1      | Bnni the Barachi Warper began the quest for the Orb.
     0 | D:1      | Reached XP level 1. HP: 17/17 MP: 3/3
   316 | D:1      | Reached XP level 2. HP: 21/23 MP: 5/5
   434 | D:1      | Learned a level 2 spell: Blink
   435 | D:1      | Found a faded altar of an unknown god.
   697 | D:1      | Reached XP level 3. HP: 26/28 MP: 6/6
  1219 | D:2      | Noticed Sigmund
  1219 | D:2      | Noticed Jessica
  1230 | D:1      | HP: 1/28 [adder (4)]
  1231 | D:1      | Succumbed to an adder's poison

Illustrated notes

Levels and vault maps discovered:
D:1:      mrwooster_arrival_arrow, layout_basic,
          hellmonk_ecumenical_altar_crossroads
D:2:      layout_rooms, uniq_sigmund, uniq_jessica

Skill      XL: |  1  2  3 |
---------------+----------+-----
Maces & Flails | 3 |  3.1
Fighting       | |  2.9
Throwing       | |  1.0
Armour         | |  1.2
Dodging        | |  2.1
Spellcasting   | |  2.5
Translocations | |  3.6

Action                     || total
---------------------------++-------
  Melee: Mace              ||   106
    Use: Potion            ||     1
 Armour: Leather armour    ||    42
  Dodge: Dodged            ||    77
